 Dungeon Crawl Stone Soup version 0.25-a0-57-ga0c9b72eff (webtiles) character file.

Game seed: 1485135218232854666, levelgen mode: deterministic

3095 tasslehoff345 the Cleaver (level 9, -6/79 HPs)
             Began as a Hill Orc Fighter on Oct 25, 2019.
             Was a Believer of Ru.
             Mangled by Joseph
             ... wielding a +2 quarterstaff of speed
              (12 damage)
             ... on level 8 of the Dungeon.
             The game lasted 00:13:06 (6379 turns).

tasslehoff345 the Cleaver (Hill Orc Fighter)        Turns: 6379, Time: 00:13:06

Health: -6/79      AC: 12    Str: 22    XL:     9   Next: 90%
Magic:  12/12      EV: 10    Int:  8    God:    Ru [**....]
Gold:   330        SH: 10    Dex: 10    Spells: 8/8 levels left

rFire    . . .     SeeInvis .   a - +0 war axe
rCold    . . .     Gourm    .   c - +0 shield
rNeg     . . .     Faith    .   e - +0 ring mail
rPois    .         Spirit   .   I - +0 helmet
rElec    .         Reflect  .   G - +0 cloak
rCorr    +         Harm     .   (no gloves)
MR       .....                  i - +2 pair of boots
Stlth    ..........             (no amulet)
HPRegen  0.23/turn              k - ring of resist corrosion
MPRegen  0.13/turn              (no ring)

@: marked, no scrolls
A: inability to read while threatened, no charms magic, no ice magic, no
necromancy magic
a: Renounce Religion


You were on level 8 of the Dungeon.
You worshipped Ru.
Ru was pleased with you.
You were not hungry.

You visited 1 branch of the dungeon, and saw 8 of its levels.

You collected 330 gold pieces.

Inventory:

Hand Weapons
 a - a +0 war axe (weapon)
Missiles
 K - 4 throwing nets (quivered)
Armour
 b - a +0 scale mail
 c - a +0 shield (worn)
 e - a +0 ring mail (worn)
 i - a +2 pair of boots (worn)
 q - a +0 leather armour of magic resistance
 G - a +0 cloak (worn)
 I - a +0 helmet (worn)
Jewellery
 k - a ring of resist corrosion (left hand)
 l - an uncursed ring of protection from cold {unknown}
 r - an uncursed amulet of harm {unknown}
 v - a +2 ring of strength {unknown}
Wands
 n - a wand of disintegration (11)
 p - a wand of paralysis (7)
 t - a wand of scattershot (5)
 E - a wand of polymorph (9)
Scrolls
 g - a scroll of blinking {unknown}
 h - 5 scrolls of remove curse
 j - 6 scrolls of teleportation {unknown}
 m - 5 scrolls of identify {unknown}
 w - a scroll of fog {unknown}
 x - a scroll of amnesia {unknown}
 y - a scroll of enchant armour {unknown}
 A - a scroll of enchant weapon {unknown}
 F - a scroll of fear {unknown}
Potions
 d - 2 potions of might
 o - a potion of haste {unknown}
 s - a potion of flight {unknown}
 u - 3 potions of curing
 z - a potion of brilliance
 B - 2 potions of agility
 C - 4 potions of heal wounds {unknown}
 D - a potion of ambrosia {unknown}
 J - a potion of magic {unknown}
Comestibles
 f - 21 rations


   Skills:
 + Level 7.3 Fighting
 + Level 11.1 Axes
 + Level 6.7 Armour
 + Level 3.2 Dodging
 - Level 5.0 Shields
 * Level 4.6 Evocations


You had 8 spell levels left.
You didn't know any spells.
Your spell library contained the following spells:

 Spells                   Type           Power        Failure   Level  Hunger
 Corona                   Hex            #......      94%         1    ##.....
 Slow                     Hex            #.......     98%         2    ###....
 Confuse                  Hex            #.......     100%        3    ####...
 Dazzling Spray           Conj/Hex       #.....       100%        3    ####...
 Inner Flame              Hex/Fire       #.......     100%        3    ####...
 Portal Projectile        Hex/Tloc       #.....       100%        3    ####...
 Tukima's Dance           Hex            #.......     100%        3    ####...
 Cause Fear               Hex            #.........   100%        4    #####..
 Leda's Liquefaction      Hex/Erth       #.........   100%        4    #####..
 Animate Skeleton         Necr           Unusable     N/A         1    N/A
 Pain                     Necr           Unusable     N/A         1    N/A
 Ensorcelled Hibernation  Hex/Ice        Unusable     N/A         2    N/A
 Regeneration             Chrm/Necr      Unusable     N/A         3    N/A
 Vampiric Draining        Necr           Unusable     N/A         3    N/A
 Animate Dead             Necr           Unusable     N/A         4    N/A

Dungeon Overview and Level Annotations

Branches:
Dungeon (8/15)             Temple (0/1) D:6
   Lair: D:8-11

Altars:
Ashenzari
Cheibriados
Dithmenos
Elyvilon
Gozag
Kikubaaqudgha
Nemelex Xobeh
Qazlal
Ru
Vehumet
Xom
The Shining One

Shops:
D:5 }

Annotations:
D:8 Joseph


Innate Abilities, Weirdness & Mutations

You cannot read scrolls while threatened.
You cannot study or cast Charms magic.
You cannot study or cast Ice magic.
You cannot study or cast Necromancy magic.


Message History

Your shield and ring mail prevent you from hitting Joseph.
Joseph is heavily wounded.
You can read scrolls again.
Joseph hits you with a +2 quarterstaff of speed.
* * * LOW HITPOINT WARNING * * *
You slash Joseph!
Joseph is severely wounded.
You block Joseph's attack.
You hit Joseph.
Joseph is severely wounded.
Joseph hits you with a +2 quarterstaff of speed!
* * * LOW HITPOINT WARNING * * *
You slash Joseph!
Joseph is almost dead.
You block Joseph's attack.
You closely miss Joseph.
Joseph is almost dead.
Joseph hits you with a +2 quarterstaff of speed!
You feel threatened and lose the ability to read scrolls!
You die...

.........#.#...#.#
.....###.#.#...#.#
##### #.#.#...# #
#.#.#####.#
#.#.......#
#.#.#######
#........h# ###
#########@# ...
..# #@# ## #.# #.#
#####.####.#
#..).....((#
#.###.####.# #
#... ...#
..####### ##.# #.#


You could see Joseph and a howler monkey.

Vanquished Creatures
  Harold (D:8)
  Prince Ribbit (D:8)
  A hippogriff (D:7)
  A spriggan (D:7)
  A wyvern (D:8)
  A hungry ghost (D:7)
  A phantom (D:4)
  An ice beast (D:5)
  3 ogres
  2 centaurs (D:7)
  2 scorpions
  3 howler monkeys
  4 crimson imps
  A centaur zombie (D:8)
  3 hounds
  2 jellies
  A bullfrog skeleton (D:4)
  3 iguanas
  A centaur skeleton (D:7)
  6 worker ants
  2 worker ant zombies (D:5)
  11 adders
  4 gnolls (D:4)
  2 shadow imps
  An ooze (D:3)
  An adder skeleton (D:5)
  A worm (D:2)
  A dart slug (D:1)
  4 leopard geckos
  10 orcs
  6 giant cockroaches
  7 goblins
  4 hobgoblins (D:1)
  6 jackals
  A quokka (D:4)
  11 bats
  2 frilled lizards (D:5)
  A jackal skeleton (D:8)
  9 kobolds
  A leopard gecko skeleton (D:5)
  5 rats
129 creatures vanquished.

Vanquished Creatures (others)
  An adder zombie (D:7)
  A jackal (D:5)
  A kobold (D:1)
3 creatures vanquished.

Grand Total: 132 creatures vanquished

Notes
Turn   | Place    | Note
-------+----------+-------------------------------------------
     0 | D:1      | tasslehoff345 the Hill Orc Fighter began the quest for the
                  | Orb.
     0 | D:1      | Reached XP level 1. HP: 19/19 MP: 1/1
    62 | D:1      | Reached XP level 2. HP: 24/27 MP: 2/2
   110 | D:1      | Reached skill level 3 in Axes
   227 | D:1      | Reached XP level 3. HP: 22/33 MP: 3/3
   654 | D:2      | Found a shattered altar of Ashenzari.
  1104 | D:2      | Reached XP level 4. HP: 40/40 MP: 4/4
  1287 | D:3      | Found a sacrificial altar of Ru.
  1303 | D:3      | Became a worshipper of Ru the Awakened
  1613 | D:3      | Reached skill level 4 in Axes
  2218 | D:4      | Reached XP level 5. HP: 46/46 MP: 5/5
  2241 | D:4      | Noticed a phantom
  2249 | D:4      | Found an ancient bone altar of Kikubaaqudgha.
  2282 | D:4      | Killed a phantom
  2282 | D:4      | Reached skill level 5 in Axes
  2282 | D:4      | Reached skill level 1 in Dodging
  2282 | D:4      | Reached XP level 6. HP: 27/53 MP: 6/6
  2305 | D:4      | Found a shimmering altar of Xom.
  2338 | D:4      | Reached skill level 6 in Axes
  2397 | D:4      | Reached skill level 5 in Fighting
  2545 | D:4      | Reached XP level 7. HP: 36/61 MP: 7/7
  2574 | D:4      | Gained mutation: You cannot read scrolls while threatened.
                  | [Ru sacrifice]
  2574 | D:4      | Reached * piety under Ru
  3003 | D:5      | Entered Level 5 of the Dungeon
  3164 | D:5      | Found Tudearegg's Gadget Shoppe.
  3177 | D:5      | Reached skill level 7 in Axes
  3177 | D:5      | Reached skill level 5 in Shields
  3489 | D:5      | Found a glowing golden altar of the Shining One.
  3775 | D:6      | Found a stormy altar of Qazlal.
  3801 | D:6      | Found a staircase to the Ecumenical Temple.
  3810 | D:6      | Reached skill level 1 in Evocations
  3810 | D:6      | Reached XP level 8. HP: 67/70 MP: 8/8
  3862 | D:6      | Found a radiant altar of Vehumet.
  4097 | D:6      | Found a white marble altar of Elyvilon.
  4097 | D:6      | Found a snail-covered altar of Cheibriados.
  4150 | D:6      | Gained mutation: You cannot study or cast Ice magic. [Ru
                  | sacrifice]
  4150 | D:6      | Gained mutation: You cannot study or cast Necromancy magic.
                  | [Ru sacrifice]
  4150 | D:6      | Gained mutation: You cannot study or cast Charms magic. [Ru
                  | sacrifice]
  4150 | D:6      | Reached ** piety under Ru
  4542 | D:6      | Reached skill level 8 in Axes
  4751 | D:7      | Noticed a hippogriff
  4763 | D:7      | Killed a hippogriff
  4763 | D:7      | Reached skill level 5 in Armour
  4824 | D:7      | HP: 3/70 [poisoned by a scorpion]
  4831 | D:7      | HP: 2/70 [poisoned by a scorpion]
  4838 | D:7      | HP: 1/70 [poisoned by a scorpion]
  4846 | D:7      | HP: 1/70 [poisoned by a scorpion]
  5107 | D:7      | Found a sparkling altar of Nemelex Xobeh.
  5211 | D:7      | Noticed a spriggan baker
  5224 | D:7      | Killed a spriggan baker
  5224 | D:7      | Reached skill level 9 in Axes
  5257 | D:7      | Found an opulent altar of Gozag.
  5345 | D:7      | Reached XP level 9. HP: 75/78 MP: 11/11
  5936 | D:8      | Reached skill level 10 in Axes
  6135 | D:8      | Noticed Prince Ribbit
  6142 | D:8      | Killed Prince Ribbit
  6166 | D:8      | Found a shadowy altar of Dithmenos.
  6336 | D:8      | Noticed Harold
  6356 | D:8      | Killed Harold
  6356 | D:8      | Reached skill level 11 in Axes
  6365 | D:8      | Noticed Joseph
  6379 | D:8      | Mangled by Joseph

Levels and vault maps discovered:
D:1:      mushboom_english_gardens, layout_basic, minivault_23,
          minmay_split_cup_small
D:2:      layout_loops_cross, ashenzari_altar_1, nrook_mini_vaults
D:3:      layout_basic, overflow_temple_1_default, first_ration
D:4:      layout_basic, xom_butterflies, lemuel_coloured_pillars_altar
D:5:      layout_cave_pools, nicolae_tso_swordbearing_angel, serial_shops, shop
D:6:      layout_layer_cave, grunt_qazlal_sundering, lemuel_doored_altar,
          gammafunk_temple_overflow_elements, minmay_temple_entry_junction
D:7:      layout_basic, old_standard_altar, the_bakery, grunt_ministairs_3,
          nemelex_altar_shiori
D:8:      layout_basic, grunt_dithmenos_smoke_and_mirrors, grunt_tough_drop,
          uniq_prince_ribbit1, uniq_joseph, uniq_harold

Skill      XL: |  1  2  3  4  5  6  7  8  9 |
---------------+----------------------------+-----
Axes           | 3 4 5 6 7 9 11 | 11.1
Fighting       | 4 5 6 7 |  7.3
Armour         | 4 5 6 |  6.7
Shields        | 4 5 |  5.0
Dodging        | 1 2 3 |  3.2
Evocations     | 1 3 4 |  4.6

Action                   |  1- 3 |  4- 6 |  7- 9 || total
-------------------------+-------+-------+-------++-------
Melee: War axe           |   130 |   130 |   312 ||   572
Invok: Sacrifice Words   |       |       |     1 ||     1
       Sacrifice Arcana  |       |       |     1 ||     1
Evoke: Wand              |       |     3 |     1 ||     4
  Use: Potion            |       |     2 |       ||     2
       Scroll            |       |       |     1 ||     1
 Stab: Distracted        |       |       |     1 ||     1
  Eat: Chunk             |       |     5 |     8 ||    13
       Ration            |       |       |     2 ||     2
Armor: Scale mail        |    10 |       |       ||    10
       Ring mail         |    62 |    75 |    75 ||   212
Dodge: Dodged            |    57 |    54 |   105 ||   216
Block: Shield            |    65 |    85 |   126 ||   276

Table legend:
 A = Non-vault XP
 B = Vault XP
 C = Vault XP percentage of total XP
 D = Non-vault monster count
 E = Vault monster count
 F = Vault count percentage of total count
                 A         B        C        D         E       F
            +---------+---------+-------+---------+---------+-------
      Total |    2465 |    1957 |  44.3 |     119 |      13 |   9.8
            +---------+---------+-------+---------+---------+-------
        D:1 |      41 |       5 |  10.9 |      22 |       3 |  12.0
        D:2 |      36 |       0 |   0.0 |      13 |       0 |   0.0
        D:3 |      81 |       0 |   0.0 |      21 |       0 |   0.0
        D:4 |     454 |       0 |   0.0 |      12 |       0 |   0.0
        D:5 |     456 |       0 |   0.0 |      19 |       0 |   0.0
        D:6 |     264 |       0 |   0.0 |       8 |       0 |   0.0
        D:7 |     954 |     262 |  21.5 |      19 |       2 |   9.5
        D:8 |     179 |    1690 |  90.4 |       5 |       8 |  61.5
            +---------+---------+-------+---------+---------+-------
